 Dungeon Crawl Stone Soup version 0.23.2-40-g277498a001 (webtiles) character file.

Game seed: 3862228908390862073

198250 Amplified the Severer (level 18, -3/160 HPs)
             Began as a Demonspawn Monk on Oct 20, 2019.
             Was the Champion of Trog.
             Shot with an arrow by a naga sharpshooter (11 damage)
             ... on level 3 of the Snake Pit on Oct 21, 2019.
             The game lasted 00:56:47 (28297 turns).

Amplified the Severer (Demonspawn Monk)            Turns: 28297, Time: 00:56:48

Health: -3/160     AC: 18    Str: 20    XL:     18   Next: 21%
Magic:  18/18      EV: 18    Int: 18    God:    Trog [******]
Gold:   1131       SH: 17    Dex: 18    Spells: 17/17 levels left

rFire    . . .     SeeInvis .   A - +4 broad axe (elec)
rCold    + . .     Gourm    .   Y - +2 shield
rNeg     + . .     Faith    .   v - +2 leather armour {rN+}
rPois    +         Spirit   .   (helmet unavailable)
rElec    .         Reflect  +   t - +2 cloak
rCorr    .         Harm     .   u - +2 pair of gloves
MR       +....                  B - +2 pair of boots
Stlth    ++........             F - +2 amulet of reflection
HPRegen  0.36/turn              g - +3 ring of slaying
MPRegen  0.16/turn              Q - ring of Myllicy {rPois Str+3 Int+4}

@: berserk cooldown, hasted and slowed
A: horns 3, talons 1, rugged brown scales 2, agile 1, cold resistance 1, spiny
2, freezing cloud immunity
a: Berserk, Trog's Hand, Brothers in Arms, Renounce Religion


You were on level 3 of the Snake Pit.
You worshipped Trog.
Trog was exalted by your worship.
You were very hungry.

You visited 5 branches of the dungeon, and saw 30 of its levels.
You also visited: Bailey, Gauntlet, Ice Cave and Volcano.

You collected 3448 gold pieces.
You spent 2317 gold pieces at shops.

Inventory:

Hand Weapons
 A - a +4 broad axe of electrocution (weapon)
 G - a +7 eveningstar of crushing
 N - a +1 broad axe of flaming
Missiles
 r - 5 tomahawks of dispersal (quivered)
Armour
 d - +0 fire dragon scales
 p - +0 ice dragon scales
 t - a +2 cloak (worn)
 u - a +2 pair of gloves (worn)
 v - a +2 leather armour of positive energy (worn)
 B - a +2 pair of boots (worn)
 U - a +2 chain mail of fire resistance
 Y - a +2 shield (worn)
Jewellery
 b - an uncursed ring of protection from magic
 g - a +3 ring of slaying (left hand)
 k - an uncursed ring of protection from cold
 C - an uncursed ring of resist corrosion
 F - a +2 amulet of reflection (around neck)
 I - an uncursed ring of see invisible
 L - the ring "Cygosh" {Ice MR+}
   (You found it on level 12 of the Dungeon)

   [ring of ice]

   It enhances your ice magic.
   It makes you vulnerable to fire.
   It protects you from cold.
   It affects your resistance to hostile enchantments.
 M - the ring of Peace {+Fly rElec rN+}
   (You found it on level 12 of the Dungeon)

   [ring of flight]

   It insulates you from electricity.
   It protects you from negative energy.
   It lets you fly.
 O - an uncursed ring of protection from fire
 Q - the ring of Myllicy (right hand) {rPois Str+3 Int+4}
   (You took it off a minotaur in a Gauntlet)

   [ring of strength]

   It affects your strength (+3).
   It affects your intelligence (+4).
   It protects you from poison.
Wands
 j - a wand of clouds (5)
 o - a wand of disintegration (46)
 D - a wand of paralysis (1)
 E - a wand of random effects (48)
 H - a wand of digging (8)
 R - a wand of scattershot (6)
 T - a wand of acid (6)
Scrolls
 a - 3 scrolls of immolation
 f - 10 scrolls of teleportation
 n - 13 scrolls of remove curse
 y - 6 scrolls of identify
 K - a scroll of fog
 P - 2 scrolls of brand weapon
 S - 2 scrolls of magic mapping
Potions
 e - 2 potions of cancellation
 h - 2 potions of berserk rage
 l - 9 potions of mutation
 m - 4 potions of brilliance
 q - a potion of flight
 s - 11 potions of curing
 w - 2 potions of ambrosia
 x - 6 potions of agility
 z - 7 potions of magic
 J - a potion of might
 W - a potion of haste
Miscellaneous
 V - a fan of gales
Comestibles
 c - 30 rations


   Skills:
 + Level 16.6 Fighting
   Level 0.6 Short Blades
 - Level 18.2(18.3) Axes
 - Level 4.0(12.8) Maces & Flails
 - Level 9.8 Armour
 - Level 9.2 Dodging
 - Level 1.7 Stealth
 * Level 12.5 Shields


You had 17 spell levels left.
You didn't know any spells.
Your spell library contained the following spells:

 Spells                   Type           Power        Failure   Level  Hunger
 Animate Skeleton         Necr           N/A          34%         1    ##.....
 Apportation              Tloc           #.....       34%         1    ##.....
 Confusing Touch          Hex            #.....       34%         1    ##.....
 Magic Dart               Conj           #...         34%         1    ##.....
 Shock                    Conj/Air       #...         34%         1    ##.....
 Summon Small Mammal      Summ           #...         34%         1    ##.....
 Blink                    Tloc           N/A          45%         2    ###....
 Call Imp                 Summ           #.......     45%         2    ###....
 Corpse Rot               Necr           N/A          45%         2    ###....
 Poisonous Vapours        Pois/Air       #.....       45%         2    ###....
 Slow                     Hex            #.......     45%         2    ###....
 Sublimation of Blood     Necr           #.........   45%         2    ###....
 Swiftness                Chrm/Air       #.......     45%         2    ###....
 Call Canine Familiar     Summ           #.......     71%         3    ####...
 Conjure Flame            Conj/Fire      #.......     71%         3    ####...
 Mephitic Cloud           Conj/Pois/Air  #.......     71%         3    ####...
 Recall                   Summ/Tloc      N/A          71%         3    ####...
 Static Discharge         Conj/Air       #.......     71%         3    ####...
 Summon Guardian Golem    Hex/Summ       #.......     71%         3    ####...
 Airstrike                Air            #.........   98%         4    #####..
 Animate Dead             Necr           N/A          98%         4    #####..
 Summon Ice Beast         Ice/Summ       #.......     98%         4    #####..
 Summon Lightning Spire   Summ/Air       #.......     98%         4    #####..
 Agony                    Necr           #.......     100%        5    ######.
 Bolt of Draining         Conj/Necr      #.........   100%        5    ######.
 Borgnjor's Vile Clutch   Necr/Erth      #.........   100%        5    ######.
 Dispel Undead            Necr           #.......     100%        5    ######.
 Excruciating Wounds      Chrm/Necr      #.........   100%        5    ######.
 Lightning Bolt           Conj/Air       #.........   100%        5    ######.
 Death Channel            Necr           #.........   100%        6    #######
 Freezing Cloud           Conj/Ice/Air   #.........   100%        6    #######
 Simulacrum               Ice/Necr       #.........   100%        6    #######
 Ring of Flames           Chrm/Fire      #.........   100%        7    #######


Dungeon Overview and Level Annotations

Branches:
Dungeon (15/15)            Temple (0/1) D:7            Lair (6/6) D:11
  Swamp (4/4) Lair:4        Snake (3/4) Lair:2        Slime (0/5) Lair:6
    Orc (2/2) D:10            Elf (0/3) Orc:2        Vaults (0/5) D:14
 Depths (0/5) D:15

Altars:
Ashenzari
Cheibriados
Elyvilon
Fedhas
Gozag
Hepliaklqana
Makhleb
Sif Muna
Trog
Vehumet
Wu Jian
Yredelemnul
Zin
Beogh

Shops:
D:6 }   D:15 [[(   Orc:1 ((   Orc:2 *!=*

Annotations:
D:1 MEGAZIGG!
Lair:3 exclusion: oklob plant
Lair:6 exclusion: 2 oklob plants
Swamp:4 With care, Mara


Innate Abilities, Weirdness & Mutations

You have a pair of large horns on your head.
You are mostly covered in rugged brown scales. (AC +2, +5% HP)
Your flesh is cold resistant. (rC+)
You are mostly covered in sharp spines.
You are immune to freezing clouds.
You have sharp toenails.
You are agile. (Dex +2)


Message History

* * * LOW HITPOINT WARNING * * *
You are engulfed in flames!
* * * LOW HITPOINT WARNING * * *
Your black mamba bites the naga mage but does no damage.
The naga mage points at you and mumbles some strange words.
The bolt of poison hits your black mamba.
Your black mamba is poisoned.
The bolt of poison misses you.
Unknown command.
You slash the salamander!
The salamander is heavily wounded.
Your black mamba bites the naga mage!
Your mana viper bites the salamander!!
Your salamander hits the salamander.
The salamander is engulfed in flames.
The salamander completely resists.
Your cyclops hits the naga sharpshooter!!!
The salamander closely misses your mana viper.
The naga sharpshooter mumbles some strange words.
The naga sharpshooter magically shoots an arrow.
The arrow hits you!
You die...

### .....#### ###..
#.......## #....
...(.......# ######....
...........# #.>..)....
...........## #...))..##
...(........#####.......#
...(##NS.(.......#..#####
#......#@#####.......##..
.. #N.N...###.....#.....
#.#CSN....##.....#<....
#.....)..........[####.
.#...##)............)...
.........))##..#....))>..
.......##.).).......###...
........#)†))..##.........
...#...(())().......###...


You could see a naga sharpshooter, a salamander, a naga mage, a friendly
salamander, a friendly cyclops (berserk), a friendly mana viper and a friendly
black mamba.

Vanquished Creatures
  Kirke (D:14)
  A thorn hunter (Swamp:3)
  A nagaraja (Snake:3)
  A frost giant (D:15)
  The ghost of Marnok the Peltast, a journeyman MiFi of Wu Jian (Lair:6)
  A very ugly thing (Swamp:4)
  A minotaur (Gauntlet)
  Azrael (D:14)
  A fire dragon (Lair:6)
  9 ogre magi
  Josephine (D:12)
  2 ice dragons (IceCv)
  A catoblepas (Gauntlet)
  7 naga warriors
  17 hydras
  5 vault guards (D:14)
  4 shambling mangroves
  6 anacondas
  18 two-headed ogres
  2 death knights
  3 ghost crabs
  5 centaur warriors
  2 thrashing horrors (Gauntlet)
  5 death yaks (Lair:6)
  A vampire mage (D:15)
  11 alligators
  A tengu warrior (D:15)
  4 shock serpents
  11 naga sharpshooters
  A hell knight (Volcano)
  A salamander mystic (Snake:1)
  4 skeletal warriors (D:14)
  5 unseen horrors
  2 swamp dragons
  2 naga ritualists
  A spriggan druid (Swamp:4)
  Pikel (D:5)
  2 wolf spider zombies
  A phantasmal warrior (D:14)
  6 orc knights
  2 orc sorcerers
  12 ugly things
  8 salamanders
  3 deep elf magi
  3 mana vipers
  A manticore (D:14)
  3 cyclopes
  A manticore (shapeshifter) (D:14)
  7 naga magi
  3 gargoyles
  3 guardian serpents (Snake:3)
  4 centaur zombies
  25 black mambas
  2 ice statues (IceCv)
  Maurice (Orc:2)
  A smoke demon (Gauntlet)
  3 molten gargoyles (Lair:6)
  16 spiny frogs
  7 rime drakes
  A centaur skeleton (D:14)
  A kobold demonologist (D:15)
  An efreet (D:14)
  4 yaktaurs (D:15)
  11 komodo dragons
  A freezing wraith (D:14)
  A tengu conjurer (D:15)
  4 meliai
  Prince Ribbit (D:5)
  5 red devils
  A polar bear (Lair:6)
  2 trolls (Orc:2)
  6 bog bodies
  17 hornets
  9 tyrant leeches
  11 blink frogs
  3 slime creatures (Swamp:1)
  17 hippogriffs
  A water elemental (D:11)
  Sigmund (D:3)
  3 shadows
  3 fire bats (Lair:5)
  12 wyverns
  A vampire (D:10)
  24 yaks
  6 spriggans
  4 wraiths
  3 hogs (D:14)
  Eustachio (D:5)
  7 basilisks
  A fire elemental (D:14)
  5 humans (D:14)
  3 steam dragons
  4 vampire mosquitoes
  8 insubstantial wisps
  Menkaure (D:5)
  27 nagas
  4 wargs
  8 water moccasins
  17 swamp worms
  10 hell hounds
  Duvessa (D:5)
  13 porcupines
  An eye of draining (D:14)
  A slave (D:5)
  25 orc warriors
  3 sky beasts
  12 swamp drakes
  2 black bears
  19 ice beasts
  8 phantoms
  10 wolves
  36 ogres
  8 centaurs
  15 crocodiles
  3 big kobolds
  18 bullfrogs
  3 small abominations (Gauntlet)
  Dowan (D:5)
  2 wyvern skeletons
  5 scorpions
  12 killer bees
  4 howler monkeys
  12 wights
  7 electric eels
  2 jellies
  5 lava snakes (Lair:6)
  5 crimson imps
  8 hounds
  17 orc priests
  A gnoll shaman (D:6)
  Crazy Yiuf (D:4)
  2 bullfrog skeletons
  3 iguanas
  18 orc wizards
  13 worker ants
  A killer bee zombie (D:6)
  A hound skeleton (D:8)
  5 worker ant zombies
  23 gnolls
  8 adders
  4 shadow imps
  An ooze (D:3)
  5 adder skeletons
  2 worms
  3 dart slugs
  6 leopard geckos
  124 orcs
  9 giant cockroaches
  13 goblins
  15 hobgoblins
  11 jackals
  27 kobolds
  6 quokkas
  3 ball pythons
  8 bats
  6 frilled lizards
  2 leopard gecko skeletons
  8 rats
  4 fungi
  A plant (D:11)
1097 creatures vanquished.

Vanquished Creatures (collateral kills)
  3 hydras (Lair:5)
  A centaur warrior (D:12)
  An ugly thing (D:6)
  2 rime drakes (Lair:5)
  4 hippogriffs (Lair:5)
  A shadow (D:12)
  2 wraiths (D:12)
  A basilisk (Lair:5)
  2 nagas (Snake:3)
  A hell hound (Lair:5)
  An orc warrior (D:12)
  A worker ant (D:12)
  A goblin (D:12)
21 creatures vanquished.

Vanquished Creatures (others)
  A hydra (Swamp:4)
  A swamp dragon (Swamp:4)
  A lindwurm (Lair:6)
  2 yaktaurs (D:15)
  A hornet (Swamp:4)
  2 humans (D:14)
  3 swamp drakes (Swamp:4)
  A slave (D:5)
  A centaur (D:5)
  A bullfrog (D:14)
  A quokka skeleton (D:5)
  5 fungi
  A plant (Lair:3)
21 creatures vanquished.

Grand Total: 1139 creatures vanquished

Notes
Turn   | Place    | Note
-------+----------+-------------------------------------------
     0 | D:1      | Amplified the Demonspawn Monk began the quest for the Orb.
     0 | D:1      | Reached XP level 1. HP: 18/18 MP: 1/1
   206 | D:1      | Found a shattered altar of Ashenzari.
   325 | D:1      | Gained mutation: You have a pair of small horns on your
                  | head. [demonic ancestry]
   325 | D:1      | Reached XP level 2. HP: 17/24 MP: 2/2
   921 | D:2      | Found a deep blue altar of Sif Muna.
   921 | D:2      | Found a bloodstained altar of Trog.
   960 | D:2      | Reached XP level 3. HP: 26/29 MP: 3/3
   964 | D:2      | Became a worshipper of Trog the Wrathful
   964 | D:2      | Reached * piety under Trog
   964 | D:2      | Reached ** piety under Trog
   975 | D:2      | Found an ornate altar of the Wu Jian Council.
  1053 | D:2      | Reached skill level 1 in Axes
  1342 | D:2      | Found a glowing silver altar of Zin.
  1342 | D:2      | Found a burning altar of Makhleb.
  1343 | D:2      | Noticed a green death
  1343 | D:2      | Noticed an angel
  1381 | D:2      | Gained mutation: You have a pair of horns on your head.
                  | [demonic ancestry]
  1381 | D:2      | Reached XP level 4. HP: 37/37 MP: 4/4
  1551 | D:4      | Reached skill level 2 in Axes
  1823 | D:4      | Reached XP level 5. HP: 30/43 MP: 5/5
  1917 | D:4      | Found a shattered altar of Ashenzari.
  2029 | D:4      | Found a runed translucent door.
  2030 | D:4      | Noticed Crazy Yiuf
  2141 | D:4      | Reached *** piety under Trog
  2148 | D:4      | Reached skill level 3 in Axes
  2248 | D:4      | Reached skill level 5 in Fighting
  2434 | D:4      | Killed Crazy Yiuf
  2434 | D:4      | Reached XP level 6. HP: 51/51 MP: 6/6
  2684 | D:3      | Noticed Sigmund
  2727 | D:3      | Killed Sigmund
  2727 | D:3      | Reached skill level 4 in Axes
  2727 | D:3      | Gained mutation: Your flesh is cold resistant. (rC+)
                  | [demonic ancestry]
  2727 | D:3      | Reached XP level 7. HP: 33/58 MP: 7/7
  3132 | D:5      | Entered Level 5 of the Dungeon
  3149 | D:5      | Noticed Pikel
  3162 | D:5      | Killed Pikel
  3162 | D:5      | Reached skill level 5 in Axes
  3162 | D:5      | Reached XP level 8. HP: 63/67 MP: 8/8
  3162 | D:5      | Noticed Menkaure
  3175 | D:5      | Killed Menkaure
  3175 | D:5      | Reached **** piety under Trog
  3175 | D:5      | Reached skill level 6 in Axes
  3190 | D:5      | Found a blossoming altar of Fedhas.
  3516 | D:5      | Noticed Duvessa
  3516 | D:5      | Noticed Dowan
  3525 | D:5      | Killed Duvessa
  3525 | D:5      | Reached skill level 7 in Axes
  3526 | D:5      | Killed Dowan
  3607 | D:5      | Noticed Prince Ribbit
  3613 | D:5      | Killed Prince Ribbit
  3613 | D:5      | Received a gift from Trog
  3613 | D:5      | Reached XP level 9. HP: 66/75 MP: 9/9
  3638 | D:5      | Noticed Eustachio
  3644 | D:5      | Killed Eustachio
  3877 | D:6      | Got a transparent hunting sling
  3984 | D:6      | Reached skill level 8 in Axes
  4234 | D:6      | Gained mutation: You are agile. (Dex +2) [potion of
                  | mutation]
  4234 | D:6      | Gained mutation: You have sharp toenails. [potion of
                  | mutation]
  4249 | D:6      | Noticed an ogre mage
  4258 | D:6      | Paralysed by an ogre mage for 4 turns
  4259 | D:6      | Killed an ogre mage
  4259 | D:6      | Reached skill level 10 in Fighting
  4259 | D:6      | Reached skill level 9 in Axes
  4273 | D:6      | Noticed a green ugly thing
  4282 | D:6      | Gained mutation: You are partially covered in sharp spines.
                  | [demonic ancestry]
  4282 | D:6      | Reached XP level 10. HP: 50/86 MP: 10/10
  4288 | D:6      | Killed a green ugly thing
  4356 | D:6      | Killed an unseen horror
  4356 | D:6      | Gained mutation: You are mostly covered in sharp spines.
                  | [demonic ancestry]
  4356 | D:6      | Reached XP level 11. HP: 43/92 MP: 11/11
  4671 | D:6      | Found Wytieniaga's Gadget Boutique.
  4713 | D:6      | Bought a wand of acid (8) for 240 gold pieces
  4873 | D:6      | Found a basalt altar of Yredelemnul.
  4875 | D:6      | Found a snail-covered altar of Cheibriados.
  5030 | D:7      | Killed an unseen horror
  5199 | D:7      | Found a staircase to the Ecumenical Temple.
  5650 | D:7      | Found an opulent altar of Gozag.
  5834 | D:8      | Identified the +3 hunting sling of the Badger {velocity,
                  | MR+ Dex+3} (You found it on level 6 of the Dungeon)
  5882 | D:8      | Paralysed by a hornet for 2 turns
  6072 | D:8      | Reached skill level 10 in Axes
  6312 | D:9      | Reached ***** piety under Trog
  6706 | D:9      | Found a radiant altar of Vehumet.
  6706 | D:9      | Found a hazy altar of Hepliaklqana.
  6866 | D:10     | Entered Level 10 of the Dungeon
  7000 | D:10     | Paralysed by something for 7 turns
  7091 | D:10     | Found a roughly hewn altar of Beogh.
  7091 | D:10     | Found a staircase to the Orcish Mines.
  7091 | D:10     | Noticed an orc knight
  7091 | D:10     | Noticed an orc knight
  7108 | D:10     | Killed an orc knight
  7111 | D:10     | Killed an orc knight
  7166 | D:10     | Noticed an orc knight
  7187 | D:10     | Killed an orc knight
  7194 | D:10     | Received a gift from Trog
  7375 | D:10     | Reached skill level 11 in Axes
  7734 | D:10     | Gained mutation: You are partially covered in rugged brown
                  | scales. (AC +1, +3% HP) [demonic ancestry]
  7734 | D:10     | Reached XP level 12. HP: 92/105 MP: 12/12
  8288 | D:11     | Got a bone dagger
  8368 | D:11     | Found a frozen archway.
  8374 | IceCv    | Entered an ice cave
  8403 | IceCv    | Reached skill level 5 in Dodging
  8470 | IceCv    | Noticed an ice dragon
  8516 | IceCv    | Noticed an ice dragon
  8524 | IceCv    | Killed an ice dragon
  8531 | IceCv    | Killed an ice dragon
  8906 | D:11     | Reached skill level 12 in Axes
  9363 | D:12     | Noticed a two-headed ogre
  9371 | D:12     | Killed a two-headed ogre
  9398 | D:12     | Noticed Josephine
  9464 | D:12     | Found a flagged portal.
  9477 | D:12     | Killed Josephine
  9550 | Bailey   | Entered a bailey
 10348 | D:12     | Noticed a centaur warrior
 10348 | D:12     | Noticed a centaur warrior
 10348 | D:12     | Noticed a death knight
 10348 | D:12     | Noticed an ogre mage
 10351 | D:12     | Gained mutation: You are immune to freezing clouds.
                  | [demonic ancestry]
 10351 | D:12     | Reached XP level 13. HP: 112/112 MP: 13/13
 10360 | D:12     | Received a gift from Trog
 10363 | D:12     | Reached skill level 13 in Axes
 10365 | D:12     | Reached XP level 14. HP: 67/121 MP: 14/14
 10402 | D:12     | Got a shimmering steel ring
 10402 | D:12     | Got a vibrating golden ring
 10406 | D:12     | Identified the ring "Cygosh" {Ice MR+} (You found it on
                  | level 12 of the Dungeon)
 10413 | D:12     | Identified the ring of Peace {+Fly rElec rN+} (You found it
                  | on level 12 of the Dungeon)
 10857 | D:13     | Identified the +8 dagger "Ynnu" {elec, rElec rPois Dex-4
                  | SInv} (You found it on level 11 of the Dungeon)
 11755 | D:11     | Found a staircase to the Lair.
 11764 | Lair:1   | Entered Level 1 of the Lair of Beasts
 11849 | Orc:1    | Entered Level 1 of the Orcish Mines
 12121 | Orc:1    | Found Miemox's Antique Weapon Shoppe.
 12134 | Orc:1    | Found Benoyxzi's Weapon Boutique.
 12206 | Orc:2    | Entered Level 2 of the Orcish Mines
 13052 | Lair:2   | Reached skill level 14 in Axes
 13506 | Lair:2   | Found a staircase to the Snake Pit.
 13523 | Lair:2   | Received a gift from Trog
 14903 | Lair:4   | Found a gate leading to a gauntlet.
 14916 | Lair:4   | Reached skill level 15 in Axes
 15009 | Gauntlet | Entered a Gauntlet
 15009 | Gauntlet | Found a transporter.
 15016 | Gauntlet | Found a transporter.
 15018 | Gauntlet | Found a transporter.
 15027 | Gauntlet | Found a transporter.
 15029 | Gauntlet | Found a transporter.
 15039 | Gauntlet | Found a transporter.
 15054 | Gauntlet | Found a transporter.
 15066 | Gauntlet | Found a transporter.
 15073 | Gauntlet | Found a transporter.
 15088 | Gauntlet | Found a transporter.
 15088 | Gauntlet | Found a transporter.
 15102 | Gauntlet | Found a transporter.
 15122 | Gauntlet | Found a transporter.
 15122 | Gauntlet | Found a transporter.
 15270 | Gauntlet | Received a gift from Trog
 15290 | Gauntlet | Got a pair of heavily runed boots
 15291 | Gauntlet | Identified the cursed -4 pair of boots "Noerrom" {MR+
                  | Regen+} (You found it in a Gauntlet)
 15311 | Gauntlet | Identified the ring of Myllicy {rPois Str+3 Int+4}
 16052 | Lair:4   | Found a staircase to the Swamp.
 16321 | Lair:5   | Reached skill level 16 in Axes
 16324 | Lair:5   | Reached XP level 15. HP: 90/127 MP: 15/15
 16461 | Lair:5   | Found a dark tunnel.
 16476 | Volcano  | Entered a volcano
 17244 | Lair:6   | Entered Level 6 of the Lair of Beasts
 17315 | Lair:6   | Reached skill level 17 in Axes
 17356 | Lair:6   | Found a runed translucent door.
 17356 | Lair:6   | Noticed Marnok's ghost (journeyman MiFi)
 17381 | Lair:6   | Killed Marnok's ghost
 18027 | Lair:6   | Found a staircase to the Slime Pits.
 18157 | Lair:6   | Found a large runed translucent door.
 18157 | Lair:6   | Found a large runed translucent door.
 18818 | Orc:2    | Received a gift from Trog
 18822 | Orc:2    | Reached skill level 18 in Axes
 18836 | Orc:2    | Noticed Maurice
 18850 | Orc:2    | Received a gift from Trog
 18975 | Orc:2    | Reached XP level 16. HP: 30/135 MP: 16/16
 19078 | Orc:2    | Killed Maurice
 19343 | Orc:2    | Found Yhufead's Distillery.
 19343 | Orc:2    | Found Adujed's Assorted Antiques.
 19344 | Orc:2    | Found Itu Reugg's General Store.
 19344 | Orc:2    | Found Ynteenur's Jewellery Boutique.
 19353 | Orc:2    | Bought 2 potions of heal wounds for 160 gold pieces
 19353 | Orc:2    | Bought a potion of curing for 48 gold pieces
 19353 | Orc:2    | Bought a potion of curing for 48 gold pieces
 19353 | Orc:2    | Bought a potion of curing for 48 gold pieces
 19353 | Orc:2    | Bought a potion of haste for 160 gold pieces
 19353 | Orc:2    | Bought 2 potions of curing for 96 gold pieces
 19353 | Orc:2    | Bought a potion of agility for 64 gold pieces
 19353 | Orc:2    | Bought a potion of cancellation for 128 gold pieces
 19354 | Orc:2    | Bought a scroll of teleportation for 39 gold pieces
 19354 | Orc:2    | Bought a scroll of blinking for 97 gold pieces
 19358 | Orc:2    | Bought a potion of heal wounds for 155 gold pieces
 19422 | Orc:2    | Found a staircase to the Elven Halls.
 19918 | D:14     | HP: 4/136 [seven-headed hydra (6)]
 19926 | D:15     | Entered Level 15 of the Dungeon
 20262 | D:15     | Found Pyeh's Antique Armour Shoppe.
 20352 | D:15     | Found Iteu's Antique Armour Shoppe.
 20353 | D:15     | Found Vusuipaa's Food Shop.
 20360 | D:15     | Bought a crude ring mail for 234 gold pieces
 20360 | D:15     | Bought a glowing shield for 195 gold pieces
 20360 | D:15     | Identified the +1 ring mail of Beauty {rF- Str+5 Dex+6}
                  | (You bought it in a shop on level 15 of the Dungeon)
 20383 | D:15     | Bought a ration for 55 gold pieces
 20383 | D:15     | Bought a ration for 55 gold pieces
 20383 | D:15     | Bought a ration for 55 gold pieces
 20383 | D:15     | Bought a ration for 55 gold pieces
 20383 | D:15     | Bought a ration for 55 gold pieces
 20383 | D:15     | Bought a ration for 55 gold pieces
 20383 | D:15     | Bought a ration for 55 gold pieces
 20383 | D:15     | Bought a ration for 55 gold pieces
 20383 | D:15     | Bought a ration for 55 gold pieces
 20383 | D:15     | Bought a ration for 55 gold pieces
 20383 | D:15     | Bought a ration for 55 gold pieces
 20432 | D:15     | Reached skill level 1 in Shields
 20438 | D:15     | Found a staircase to the Depths.
 20735 | D:15     | Found a blossoming altar of Fedhas.
 20753 | D:15     | Found Wuru's Antique Weapon Shoppe.
 21348 | D:15     | Found the +12 glaive of Prune {chop}
 21348 | D:15     | Paralysed by an ogre mage for 2 turns
 21607 | D:14     | Reached ****** piety under Trog
 21628 | D:14     | Reached skill level 5 in Shields
 21632 | D:14     | Received a gift from Trog
 21750 | D:14     | Found an ornate altar of the Wu Jian Council.
 21822 | D:14     | Noticed Kirke
 21835 | D:14     | Killed Kirke
 21990 | D:14     | Received a gift from Trog
 22189 | D:14     | Reached skill level 15 in Fighting
 22213 | D:14     | Found a gate to the Vaults.
 22252 | D:14     | Found a roughly hewn altar of Beogh.
 22313 | D:14     | Noticed Azrael
 22336 | D:14     | Killed Azrael
 22577 | Swamp:1  | Entered Level 1 of the Swamp
 22577 | Swamp:1  | Found a white marble altar of Elyvilon.
 22985 | Swamp:1  | Gained mutation: You have a pair of large horns on your
                  | head. [demonic ancestry]
 22985 | Swamp:1  | Reached XP level 17. HP: 135/146 MP: 17/17
 25140 | Swamp:3  | Reached skill level 10 in Shields
 25675 | Swamp:4  | Entered Level 4 of the Swamp
 26174 | Swamp:4  | Noticed Mara
 26313 | Snake:1  | Entered Level 1 of the Snake Pit
 27139 | Snake:2  | Received a gift from Trog
 27580 | Snake:3  | Gained mutation: You are mostly covered in rugged brown
                  | scales. (AC +2, +5% HP) [demonic ancestry]
 27580 | Snake:3  | Reached XP level 18. HP: 103/160 MP: 18/18
 28296 | Snake:3  | HP: 8/160 [salamander (13)]
 28297 | Snake:3  | Shot with an arrow by a naga sharpshooter

Skill      XL: |  1  2  3  4  5  6  7  8  9 10 11 12 13 14 15 16 17 18 |
---------------+-------------------------------------------------------+-----
Axes           | 1 2 3 4 5 7 9 11 12 13 16 18 | 18.2
Fighting       | 4 5 6 7 8 10 11 12 13 15 16 | 16.6
Armour         | 9 |  9.8
Dodging        | 4 8 9 |  9.2
Shields        | 8 11 12 | 12.5
Maces & Flails | 3 4 |  4.0
Short Blades   | |  0.6
Stealth        | |  1.7

Action                   |  1- 3 |  4- 6 |  7- 9 | 10-12 | 13-15 | 16-18 || total
-------------------------+-------+-------+-------+-------+-------+-------++-------
Melee: Mace              |    23 |       |       |       |       |       ||    23
       Short sword       |    11 |       |       |       |       |       ||    11
       Hand axe          |    45 |    99 |   161 |   264 |       |       ||   569
       Headbutt          |     9 |    12 |    28 |   112 |   150 |   207 ||   518
       Broad axe         |       |       |       |   239 |   631 |   872 ||  1742
Throw: Tomahawk          |       |       |       |       |     2 |       ||     2
Invok: Berserk           |       |     3 |     5 |     6 |    11 |    13 ||    38
       Trog's Hand       |       |     1 |       |    13 |    17 |    15 ||    46
       Brothers in Arms  |       |       |       |     2 |     3 |     1 ||     6
 Abil: Evoke Flight      |       |       |       |       |     2 |       ||     2
       Stop Flying       |       |       |       |       |     1 |       ||     1
Evoke: Wand              |       |       |     2 |     3 |    24 |     6 ||    35
  Use: Scroll            |     7 |     4 |     8 |    16 |    17 |    15 ||    67
       Potion            |       |     2 |     4 |     9 |     5 |    12 ||    32
 Stab: Sleeping          |     6 |     1 |     1 |     7 |     5 |     2 ||    22
       Confused          |       |       |       |       |       |     2 ||     2
       Distracted        |       |       |       |       |       |     1 ||     1
  Eat: Chunk             |     2 |     6 |     7 |    21 |    23 |    23 ||    82
       Ration            |       |     1 |       |     3 |     7 |     7 ||    18
Armor: Robe              |    13 |    18 |     4 |     1 |       |       ||    36
       Chain mail        |       |       |    60 |    10 |       |       ||    70
       Leather armour    |       |       |       |   125 |   170 |   183 ||   478
Dodge: Dodged            |    48 |    82 |    50 |   290 |   423 |   419 ||  1312
Block: Other             |       |       |       |       |    42 |     5 ||    47
       Reflection        |       |       |       |       |     1 |    61 ||    62
       Shield            |       |       |       |       |       |   592 ||   592
